AoeStats
← Mynor Valdez

Pilgrims

509021438Analyzed
4v4 RM · 8d ago on Sep 25, 2026· 62m 21s· 8 players
Game mode
Random Map
Map size
Large (8 player)
Population
200
Speed
Normal
Resources
Standard
Victory
Conquest
Starting age
Dark Age
Ending age
Imperial Age
RankedLock teamsTeams togetherTeam positionsShared explorationLock speedFull tech treeHidden civsTurbo modeCheats
Victory
Defeat
🇪🇸 Bulgarians · Spain
856
+11
🇨🇳 Saxons · China
703
+17
🇺🇸 Celts · United States
695
+17
🇨🇳 Spanish · China
613
+20
🇺🇸 Wei · United States
744
-17
🇦🇷 Vietnamese · Argentina
741
-17
🇦🇷 Celts · Argentina
740
-17
🇬🇹 Koreans · Guatemala
676
-23
11thDAY
14:50 Feudal Age
16:12 Loom
20:08 Castle Age
18:57 Man-at-Arms
19:35 Gold Mining
19:34 Double-Bit Axe
19:33 Horse Collar
21:15 Long Swordsman
22:56 Wheelbarrow
33:47 Hand Cart
37:18 Imperial Age
34:36 Town Watch
35:14 Scale Mail Armor
35:25 Forging
38:22 Chain Mail Armor
39:41 Capped Ram
39:43 Two-Handed Swordsman
42:07 Champion
45:14 Stone Mining
45:59 Gold Shaft Mining
47:21 Stone Shaft Mining
47:49 Iron Casting
51:04 Fervor
52:02 Plate Mail Armor
52:33 Blast Furnace
51:32 Siege Ram
57:03 Conscription
60:03 Bow Saw
62:02 Spies/Treason
OceAN
11:44 Feudal Age
16:25 Town Watch
19:42 Castle Age
18:30 Forging
19:35 Arson
29:50 Horse Collar
31:03 Fletching
33:03 Iron Casting
33:48 Bodkin Arrow
37:06 Imperial Age
37:20 Double-Bit Axe
38:05 Gold Mining
39:38 Conscription
41:01 Shield Wall
42:50 Scale Mail Armor
43:31 Elite Hearth Troop
46:01 Bow Saw
46:56 Squires
47:47 Gold Shaft Mining
48:39 Chemistry
51:22 Bracer
52:53 Elite Longship
56:04 Wheelbarrow
57:23 Careening
59:20 Hand Cart
60:23 Two-Man Saw
62:13 Padded Archer Armor
DrakeTheThief
5:37 Loom
12:33 Feudal Age
19:56 Castle Age
18:26 Double-Bit Axe
18:28 Horse Collar
20:01 Stone Mining
20:11 Gold Mining
25:35 Caravan
26:16 Stone Shaft Mining
27:41 Bow Saw
29:12 Bloodlines
29:10 Herbal Medicine
32:31 Forging
32:21 Scale Mail Armor
32:26 Scale Barding Armor
32:11 Fletching
32:22 Padded Archer Armor
33:07 Ballistics
33:39 Town Watch
39:17 Imperial Age
37:24 Wheelbarrow
36:50 Town Patrol
38:18 Iron Casting
37:58 Chain Mail Armor
38:03 Chain Barding Armor
37:38 Bodkin Arrow
37:59 Leather Archer Armor
38:31 Hand Cart
39:18 Heavy Plow
39:45 Leather Archer Armor
40:28 Conscription
39:58 Elite Conquistador
43:12 Two-Man Saw
47:55 Hoardings
53:46 Blast Furnace
53:17 Plate Mail Armor
53:22 Plate Barding Armor
52:47 Bracer
53:17 Ring Archer Armor
52:39 Arrowslits
53:55 Chemistry
53:10 Husbandry
52:31 Light Cavalry
52:32 Cavalier
56:29 Paladin
56:30 Hussar
61:13 Fishing Lines
61:47 Medium Warships
60:59 Demolition Ship
61:03 Elite Cannon Galleon
superpandaby
18:28 Feudal Age
19:14 Fishing Lines
25:20 Castle Age
23:59 Double-Bit Axe
26:45 Bloodlines
26:36 Husbandry
27:48 Gillnets
28:21 Fletching
28:42 Forging
28:33 Scale Mail Armor
29:17 Murder Holes
29:43 Ballistics
30:02 Bodkin Arrow
30:42 Iron Casting
30:08 Scale Mail Armor
29:58 Arson
34:40 Scale Barding Armor
34:51 Chain Mail Armor
34:40 Squires
34:26 Gambesons
38:05 Imperial Age
36:23 Masonry
36:49 Chain Barding Armor
36:42 Stone Mining
36:43 Gold Mining
38:11 Stirrups
40:20 Stone Shaft Mining
40:21 Gold Shaft Mining
43:51 Bagains
44:24 Elite Konnik
46:05 Bracer
47:05 Blast Furnace
46:36 Plate Mail Armor
46:42 Plate Barding Armor
47:17 Chemistry
46:48 Architecture
46:24 Siege Engineers
49:04 Wheelbarrow
48:15 Town Watch
48:15 Loom
51:52 Hand Cart
51:37 Town Patrol
D4RKK
14:09 Feudal Age
15:49 Fishing Lines
15:57 Double-Bit Axe
17:07 Loom
17:39 Stone Mining
19:18 Wheelbarrow
25:45 Castle Age
23:47 Gold Mining
24:43 Man-at-Arms
26:07 Scale Mail Armor
26:17 Forging
26:21 Long Swordsman
30:35 Hand Cart
33:14 Chain Mail Armor
36:38 Gillnets
39:42 Imperial Age
38:54 Medium Warships
38:46 Horse Collar
39:16 Bow Saw
39:53 Gold Shaft Mining
39:53 Stone Shaft Mining
40:24 Two-Handed Swordsman
41:58 Ballistics
41:19 Treadmill Crane
43:48 Iron Casting
46:17 Chemistry
Mynor Valdez
12:44 Loom
17:07 Feudal Age
22:38 Wheelbarrow
30:24 Castle Age
30:54 Crossbowman
31:42 Thumb Ring
32:50 Hand Cart
41:24 Gold Mining
41:25 Stone Mining
44:10 Light Cavalry
57:29 Fishing Lines
Maori
4:15 Loom
10:41 Feudal Age
12:08 Wheelbarrow
11:30 Horse Collar
15:12 Double-Bit Axe
15:22 Town Watch
18:26 Gold Mining
18:32 Stone Mining
26:19 Castle Age
27:37 Hand Cart
27:33 Bow Saw
27:24 Heavy Plow
28:01 Gold Shaft Mining
28:02 Stone Shaft Mining
27:38 Forging
27:29 Scale Mail Armor
27:35 Scale Barding Armor
32:35 Town Patrol
32:29 Fishing Lines
33:03 Medium Warships
32:15 Demolition Ship
34:26 Gillnets
40:02 Iron Casting
39:45 Chain Mail Armor
氷 N Y T R O | elpepE
14:42 Feudal Age
15:21 Double-Bit Axe
16:44 Horse Collar
22:11 Gold Mining
25:27 Castle Age
23:51 Padded Archer Armor
24:45 Fletching
29:12 Crossbowman
29:51 Bodkin Arrow
35:24 Wheelbarrow
34:35 Loom
35:56 Bow Saw
37:20 Leather Archer Armor
39:18 Hand Cart
55:32 Fishing Lines
57:03 Medium Warships
Connection lost

Rejoining the realm…

Still unreachable

The connection could not be restored.

Session expired

The server has moved on; the page needs a fresh start.